 Dungeon Crawl Stone Soup version 0.19.0-19-g8c6edcc (webtiles) character file.

65 Minion the Bolt Thrower (level 3, -1/29 HPs)
             Began as a Centaur Hunter on Nov 13, 2016.
             Slain by Sigmund
             ... wielding a +0 scythe
              (5 damage)
             ... on level 3 of the Dungeon.
             The game lasted 00:05:34 (1577 turns).

Minion the Bolt Thrower (Centaur Hunter)            Turns: 1577, Time: 00:05:35

Health: -1/29      AC: 12    Str: 14    XL:     3   Next: 92%
Magic:  3/3        EV: -2    Int: 10    God:
Gold:   63         SH:  0    Dex: 10    Spells: 0 memorised, 2 levels left

rFire  . . .     SeeInvis .     b - +0 short sword
rCold  . . .     Gourm    .     v - +0 crystal plate armour
rNeg   . . .     Faith    .     (no shield)
rPois  +         Spirit   .     u - +0 helmet
rElec  .         Reflect  .     i - +0 cloak {rPois}
rCorr  .         Harm     .     (no gloves)
MR     .....                    (no barding)
Stlth  ..........               (no amulet)
                                (no ring)
                                r - ring of wizardry

@: very quick
A: hooves 3, deformed body, speed 2, tough skin 3
a: no special abilities


You were on level 3 of the Dungeon.
You were not hungry.

You visited 1 branch of the dungeon, and saw 3 of its levels.

You collected 63 gold pieces.

Inventory:

Hand Weapons
 a - a +1 hand crossbow
 b - a +0 short sword (weapon)
Missiles
 d - 2 bolts
Armour
 i - a +0 cloak of poison resistance (worn)
 j - a +0 leather armour of fire resistance
 u - a +0 helmet (worn)
 v - a +0 crystal plate armour (worn)
Jewellery
 r - a ring of wizardry (left hand)
 t - a +3 ring of dexterity {unknown}
Scrolls
 c - a scroll of teleportation {unknown}
 e - 3 scrolls of amnesia {unknown}
 k - a scroll of random uselessness {unknown}
 n - a scroll of blinking {unknown}
 o - 2 scrolls of magic mapping {unknown}
 q - 2 scrolls of identify {unknown}
 s - a scroll of fog {unknown}
 w - a scroll of enchant weapon {unknown}
Potions
 l - a potion of flight {unknown}
 m - a potion of haste {unknown}
 p - 2 potions of curing {unknown}
 x - 2 potions of cure mutation {unknown}
Comestibles
 f - a bread ration
 g - a beef jerky
 h - a meat ration


   Skills:
 - Level 2.0 Fighting
 + Level 5.7 Crossbows
 + Level 1.0 Armour
 - Level 1.3 Dodging
 - Level 0.4 Stealth


You had 2 spell levels left.
You didn't know any spells.

Dungeon Overview and Level Annotations

Branches:
Dungeon (3/15)

Altars:
Cheibriados

Annotations:
D:3 Sigmund


Innate Abilities, Weirdness & Mutations

You have hooves in place of feet.
Armour fits poorly on your strangely shaped body.
You cover ground very quickly.
You have extremely tough skin. (AC +3)


Message History

You hit Sigmund.
Sigmund is heavily wounded.
Sigmund hits you with a scythe.
You closely miss Sigmund.
Sigmund is heavily wounded.
You closely miss Sigmund.
Sigmund is heavily wounded.
Sigmund hits you with a scythe.
You hit Sigmund. You kick Sigmund.
Sigmund is severely wounded.
Sigmund hits you but does no damage.
You hit Sigmund but do no damage. You kick Sigmund, but do no damage.
Sigmund is severely wounded.
Sigmund points at you and mumbles some strange words.
The magic dart hits you!
* * * LOW HITPOINT WARNING * * *
You closely miss Sigmund.
Sigmund is severely wounded.
Sigmund hits you with a scythe.
You die...

# .# ##.### #
.....# #)
#####.....#
##.##...@.....#
#...#.###@....#
#..# ......#
### ##.##
###._.# ...
#..# ..# #.#
##.## ## #.#
#..# #.#.#.#
###.##.#


You could see Sigmund.

Vanquished Creatures
  2 adders (D:2)
  A dart slug (D:3)
  2 ball pythons
  4 giant cockroaches
  5 goblins
  3 hobgoblins
  7 jackals
  4 kobolds
  3 bats (D:2)
  2 frilled lizards (D:2)
  6 rats
39 creatures vanquished.

Notes
Turn   | Place    | Note
-------+----------+-------------------------------------------
     0 | D:1      | Minion the Centaur Hunter began the quest for the Orb.
     0 | D:1      | Reached XP level 1. HP: 17/17 MP: 1/1
   461 | D:1      | Reached XP level 2. HP: 24/24 MP: 2/2
   474 | D:1      | Reached skill level 5 in Crossbows
   788 | D:2      | Reached XP level 3. HP: 29/29 MP: 3/3
  1451 | D:3      | Reached skill level 1 in Armour
  1557 | D:3      | Found a snail-covered altar of Cheibriados.
  1557 | D:3      | Noticed Sigmund
  1577 | D:3      | Slain by Sigmund

Skill      XL: |  1  2  3 |
---------------+----------+-----
Crossbows      | 5 |  5.7
Armour         | 1 |  1.0
Fighting       | |  2.0
Dodging        | |  1.3
Stealth        | |  0.4

Action                   || total
-------------------------++-------
Melee: Short sword       ||    39
       Kick              ||     5
 Fire: Hand crossbow     ||    80
  Eat: Chunk             ||     1
Armor: Leather armour    ||    30
       Crystal plate arm ||    10
Dodge: Dodged            ||    21
